 Dungeon Crawl Stone Soup version 0.30.1-9-gdf580d7c3d (webtiles) character file.

Game seed: 2967249238386168648

44 lonewolfV2 the Shield-Bearer (level 3, 0/30 HPs)
             Began as a Formicid Fighter on Oct 10, 2023.
             Slain by a hobgoblin (5 damage)
             ... led by Robin
             ... on level 2 of the Dungeon.
             The game lasted 00:01:21 (974 turns).

lonewolfV2 the Shield-Bearer (Formicid Fighter)      Turns: 974, Time: 00:01:22

Health: 0/30       AC:  6    Str: 20    XL:     3   Next: 87%
Magic:  3/3        EV:  9    Int:  7    God:
Gold:   80         SH:  5    Dex: 15    Spells: 2/2 levels left

rFire   . . .        a - +0 war axe
rCold   . . .        c - +0 buckler
rNeg    . . .        b - +0 scale mail
rPois   .            (helmet unavailable)
rElec   .            (no cloak)
rCorr   .            (no gloves)
SInv    +            (no boots)
Will    .....        (no amulet) Stlth
                     (no ring)
HPRegen 0.25/turn    (no ring)
MPRegen 0.08/turn

%: no passive effects
@: no status effects
A: permanent stasis, dig shafts and tunnels, antennae 3, four strong arms
a: Dig, Shaft Self


You were on level 2 of the Dungeon.
You visited 1 branch of the dungeon, and saw 2 of its levels.

You collected 80 gold pieces.

Inventory:

Hand Weapons
 a - a +0 war axe (weapon)
Armour
 b - a +0 scale mail (worn)
 c - a +0 buckler (worn)
Scrolls
 e - a scroll of fog {unknown}
 f - 4 scrolls of identify {unknown}
 g - a scroll of teleportation {unknown}
 h - a scroll of poison {unknown}
Potions
 d - a potion of might
 i - 3 potions of curing {unknown}


   Skills:
 + Level 3.6 Fighting
 + Level 2.6 Axes
 + Level 3.6 Armour
 + Level 0.3 Dodging
 + Level 4.6 Shields


You had 2 spell levels left.
You didn't know any spells.
Your spell library was empty.

Dungeon Overview and Level Annotations

Branches:
Dungeon (2/15)

Altars:

Annotations:
D:2 Robin


Innate Abilities, Weirdness & Mutations

You cannot be hasted, slowed, berserked, paralysed or teleported.
You can dig through walls and to a lower floor.
You have a pair of large antennae on your head. (SInv)
Your four strong arms can wield two-handed weapons with a shield.


Message History

The goblin hits you but does no damage.
A hobgoblin comes into view. x2
A goblin comes into view. It is wielding a +1 dagger of speed.
You block the goblin's attack.
The goblin shouts!
The goblin unwields a +0 club.
The goblin wields a +0 sling.
The goblin shoots a sling bullet.
The sling bullet closely misses you. The goblin closely misses you.
A goblin comes into view. It is wielding a +0 dagger.
The goblin shouts!
Things that are here:
a +0 club; a +0 sling; a goblin corpse The goblin hits you but does no damage. x2
Robin roars a battlecry!
The goblins go into a battle-frenzy!
The goblin shoots a sling bullet.
The sling bullet hits you but does no damage.
You hear a shout!
The goblin attacks as you move away! The goblin barely misses you.
The goblin closely misses you. The goblin hits you but does no damage.
A hobgoblin comes into view.
Robin throws the goblin at you!
You slash the goblin!
You kill the goblin!
You slash the goblin!
You kill the goblin!
You slash the goblin!
You kill the goblin!
You barely miss the goblin. You hit the goblin. Robin throws the goblin at you!
The goblin hits you with a +0 dagger.
The goblin unwields a +0 sling.
The goblin wields a +0 club.
The goblin hits you with a +0 club. The goblin barely misses you.
The goblin hits you with a +0 dagger.
You barely miss the hobgoblin. You closely miss the hobgoblin.
You barely miss the goblin. You closely miss the goblin.
You barely miss the goblin. The goblin hits you with a +0 club.
* * * LOW HITPOINT WARNING * * *
The goblin hits you with a +0 dagger.
* * * LOW HITPOINT WARNING * * *
The hobgoblin hits you.
You die...

..##......#.....#
.........#.....# ##
..........#.....###...
..##................#
.. ##.......#....#..#
#.......#....+
###.###.#....# ...
..#.g).##.# .##.
..#.@g....# .
#......ggg....#
.....g..........
...............#
......>...[....#
.....g..........
.........).....#
........#######


You could see Robin, 3 hobgoblins and 3 goblins.

Vanquished Creatures
  An adder (D:2)
  3 bats
  An endoplasm (D:1)
  3 giant cockroaches (D:1)
  10 goblins
  4 hobgoblins
  A quokka (D:1)
  A ball python (D:2)
  A frilled lizard (D:1)
  3 kobolds (D:1)
  3 rats
31 creatures vanquished.

Notes
Turn   | Place    | Note
-------+----------+-------------------------------------------
     0 | D:1      | lonewolfV2 the Formicid Fighter began the quest for the
                  | Orb.
     0 | D:1      | Reached XP level 1. HP: 18/18 MP: 1/1
    17 | D:1      | Noticed a minotaur skeleton
   148 | D:1      | Reached XP level 2. HP: 24/24 MP: 2/2
   556 | D:1      | Reached XP level 3. HP: 24/29 MP: 3/3
   966 | D:2      | Noticed Robin
   974 | D:2      | Slain by a hobgoblin

Illustrated notes

Levels and vault maps discovered:
D:1:      shiori_arrival_whats_in_store_for_you, layout_basic
D:2:      layout_basic, ebering_ecumenical_altar_rust, basic_altar,
          uniq_terence, uniq_jessica, uniq_crazy_yiuf_cottage, uniq_robin

Action                     || total
---------------------------++-------
  Melee: War axe           ||    72
 Armour: Scale mail        ||    50
  Dodge: Dodged            ||    45
  Block: Buckler           ||    24
